 Dungeon Crawl Stone Soup version 0.30.0-5-g1a98f26d00 (webtiles) character file.

Game seed: 11994688441372253675

436 freelancePsychic the Conjurer (level 6, -11/47 HPs)
             Began as a Demonspawn Conjurer on May 8, 2023.
             Killed from afar by an acid dragon (24 damage)
             ... with a splash of acid
             ... on level 4 of the Dungeon.
             The game lasted 00:07:53 (3254 turns).

freelancePsychic the Conjurer (Demonspawn Conjurer) Turns: 3254, Time: 00:07:54

Health: -11/47     AC:  3    Str:  4 (7)  XL:     6   Next: 68%
Magic:  9/11       EV: 11    Int: 21 (22) God:
Gold:   156        SH:  0    Dex: 10 (11) Spells: 9/12 levels left

rFire   + . .        j - +3 short sword
rCold   . . .        (no shield)
rNeg    . . .        f - +0 leather armour
rPois   .            o - +0 helmet
rElec   .            (no cloak)
rCorr   .            w - +0 pair of gloves
SInv    .            (no boots)
Will    .....        (no amulet)
Stlth   ++           g - ring of protection from fire
HPRegen 0.27/turn    (no ring)
MPRegen 0.12/turn

%: no passive effects
@: brilliant, corroded
A: claws 1, thin metallic scales 1, powered by pain 2
a: no special abilities


You were on level 4 of the Dungeon.
You visited 1 branch of the dungeon, and saw 4 of its levels.

You collected 156 gold pieces.

Inventory:

Hand Weapons
 j - a +3 short sword (weapon)
Armour
 f - a +0 leather armour (worn)
 o - a +0 helmet (worn)
 w - a +0 pair of gloves (worn)
Magical Staves
 p - a staff of fire
Jewellery
 g - a ring of protection from fire (left hand)
Scrolls
 c - a scroll of magic mapping
 e - a scroll of enchant armour
 k - 2 scrolls of blinking
 m - a scroll of vulnerability
 n - 3 scrolls of amnesia
 t - a scroll of silence {unknown}
 u - 4 scrolls of identify {@r1}
 v - a scroll of teleportation {unknown}
Potions
 a - a potion of attraction {unknown}
 b - a potion of heal wounds {unknown}
 d - a potion of berserk rage {unknown}
 h - 3 potions of brilliance
 l - a potion of degeneration
 r - a potion of cancellation {unknown}


   Skills:
 + Level 3.4 Fighting
 - Level 1.7 Dodging
 - Level 2.6 Stealth
 - Level 3.5 Spellcasting
 + Level 5.8 Conjurations
 - Level 0.5 Translocations
 - Level 0.1 Air Magic


You had 9 spell levels left.
You knew the following spells:

 Your Spells              Type           Power      Damage    Failure   Level
a - Magic Dart            Conj           100%       1d8       1%          1
b - Searing Ray           Conj           84%        2d7       3%          2

Your spell library contained the following spells:

 Spells                   Type           Power      Damage    Failure   Level
 Dazzling Flash           Conj/Hex       48%        N/A       21%         3
 Cigotuvi's Dreadful Rot  Necr/Pois/Air  10%        N/A       34%         2
 Iskenderun's Mystic Bla  Conj/Tloc      25%        2d7       52%         4
 Ignite Poison            Fire/Tmut/Pois 5%         N/A       56%         3
 Summon Guardian Golem    Hex/Summ       5%         N/A       56%         3
 Fulminant Prism          Conj/Hex       12%        3d8       56%         4
 Freezing Cloud           Conj/Ice/Air   9%         6-21      95%         5
 Orb of Destruction       Conj           21%        9d8       100%        7
 Spellforged Servitor     Conj/Summ      12%        N/A       100%        7


Dungeon Overview and Level Annotations

Branches:
Dungeon (4/15)
 Temple: D:4-7

Altars:
Cheibriados
Wu Jian

Annotations:
D:4 Eustachio


Innate Abilities, Weirdness & Mutations

You have sharp fingernails.
You are partially covered in thin metallic scales. (AC +2)
You sometimes gain power by taking damage.


Message History

Confirm with . or Enter, or press ? or * to list all spells.
Aiming: Searing Ray (safe; 2% risk of failure)
Press: ? - help, Shift-Dir - straight line, f - acid dragon
Aim: an acid dragon (black smoke, 82% to hit)
You feel a surge of power!
The searing ray hits the acid dragon.
The acid dragon is lightly wounded. (Press . to maintain the ray.)
You hear a bark!
The acid dragon bites you. The acid dragon closely misses you.
You hear a shout!
The searing ray misses the acid dragon.
The acid dragon spits acid at you. The splash of acid hits you!!
* * * LOW HITPOINT WARNING * * *
You focus on the pain.
You feel your power returning. The acid corrodes you!
The searing ray hits the acid dragon!
The acid dragon is moderately wounded.
The acid dragon bites you.
* * * LOW HITPOINT WARNING * * *
The acid dragon closely misses you.
The searing ray hits the acid dragon.
The acid dragon is moderately wounded.
You finish channelling your searing ray.
The acid dragon closely misses you.
The acid dragon claws you but does no damage.
Blink to where?
Press: ? - help, Dir - move target, p - acid dragon
Okay, then.
Press: ? - help, v - describe, . - travel
Here: an acid dragon (black smoke, moderately wounded)
The floor, spattered with blood.
You feel better. The acid dragon barely misses you. The acid dragon claws you.
* * * LOW HITPOINT WARNING * * *
It was a potion of degeneration.
There was something very wrong with that liquid.
You feel weakened.
You feel dopey.
You feel clumsy. The acid dragon spits acid at you.
The splash of acid hits you!!
Ouch! That really hurt!
You die...

#.# #.# ##.##### #.#
##...##.. #.#
#.....#.# #.#
##.).##.# #.#
##.###.# ###.#.#
#.#####§###.###.....
#)...§§§§§).....#
#######@###†........
#D# ##..#####. #§#
#..## #†##..#. ###
#.#...##.
.....###D....# ..
#...?...##?....
#..##...# #... .g..
_...# #.


You could see an acid dragon (catching breath).

Vanquished Creatures
  A centaur (D:4)
  A hound (D:4)
  An orc priest (D:3)
  A jelly (D:4)
  Terence (D:3)
  A sleepcap (D:4)
  An iguana (D:4)
  An orc wizard (D:3)
  Robin (D:2)
  6 adders
  3 worms
  6 dart slugs
  8 orcs (D:3)
  4 ball pythons
  5 endoplasms
  17 goblins
  8 hobgoblins
  4 jackals
  3 bats (D:3)
  A frilled lizard (D:3)
  6 kobolds
  3 rats
83 creatures vanquished.

Notes
Turn   | Place    | Note
-------+----------+-------------------------------------------
     0 | D:1      | freelancePsychic the Demonspawn Conjurer began the quest
                  | for the Orb.
     0 | D:1      | Reached XP level 1. HP: 13/13 MP: 3/3
   248 | D:1      | Gained mutation: You have sharp fingernails. [demonic
                  | ancestry]
   248 | D:1      | Reached XP level 2. HP: 20/20 MP: 1/5
   842 | D:1      | Learned a level 2 spell: Searing Ray
   925 | D:2      | Found a snail-covered altar of Cheibriados.
   954 | D:2      | Gained mutation: You sometimes gain a little power by
                  | taking damage. [demonic ancestry]
   954 | D:2      | Reached XP level 3. HP: 25/25 MP: 1/6
   968 | D:2      | Reached skill level 1 in Fighting
   993 | D:2      | Noticed Robin
  1297 | D:2      | Killed Robin
  1298 | D:2      | Gained mutation: You sometimes gain power by taking damage.
                  | [demonic ancestry]
  1298 | D:2      | Reached XP level 4. HP: 30/32 MP: 0/7
  1766 | D:3      | Noticed Terence
  1921 | D:3      | Killed Terence
  2025 | D:3      | Reached skill level 5 in Conjurations
  2230 | D:3      | Reached XP level 5. HP: 38/38 MP: 5/9
  2715 | D:3      | Found a faded altar of an unknown god.
  2856 | D:4      | Gained mutation: You are partially covered in thin metallic
                  | scales. (AC +2) [demonic ancestry]
  2856 | D:4      | Reached XP level 6. HP: 44/46 MP: 5/10
  2965 | D:4      | Noticed Eustachio
  3159 | D:4      | Found an ornate altar of the Wu Jian Council.
  3241 | D:4      | Noticed an acid dragon
  3254 | D:4      | Killed from afar by an acid dragon

Illustrated notes

Levels and vault maps discovered:
D:1:      eino_arrival_water_cross, layout_basic
D:2:      layout_rooms, basic_altar, uniq_robin
D:3:      layout_loops_ring, shapermc_ecumenical_altar_flowoftime, uniq_terence
D:4:      layout_loops_corners, overflow_temple_1_default, minmay_ruined_shrine,
          uniq_eustachio

Skill      XL: |  1  2  3  4  5  6 |
---------------+-------------------+-----
Stealth        | 2 |  2.6
Fighting       | 1 2 3 |  3.4
Conjurations   | 5 |  5.8
Spellcasting   | 3 |  3.5
Dodging        | |  1.7
Translocations | |  0.5
Air Magic      | |  0.1

Action                     |  1- 3 |  4- 6 || total
---------------------------+-------+-------++-------
  Melee: Unarmed           |     5 |       ||     5
         Punch             |     1 |       ||     1
         Short sword       |    21 |    53 ||    74
   Cast: Magic Dart        |    32 |       ||    32
         Searing Ray       |    11 |    35 ||    46
    Use: Scroll            |       |     8 ||     8
         Potion            |       |     5 ||     5
   Stab: Distracted        |       |     1 ||     1
 Armour: Robe              |     1 |       ||     1
         Leather armour    |    10 |    19 ||    29
  Dodge: Dodged            |    36 |    43 ||    79
